 Dungeon Sprint DCSS version 0.30-a0-867-g305f33218d (webtiles) character file.

Game seed: 6739256613974298602

227 BigDaddyOpFi the Hill Orc Child (level 6, -4/52 HPs)
             Began as a Hill Orc Fighter on Mar 10, 2023.
             Was a Follower of Hepliaklqana.
             Slain by a lemure (6 damage)
             ... led by Pikel
             ... in the Dungeon (Sprint VII: "The Pits").
             The game lasted 00:00:59 (360 turns).

BigDaddyOpFi the Hill Orc Child (Hill Orc Fighter)   Turns: 360, Time: 00:00:59

Health: -4/52      AC: 14    Str: 21    XL:     6   Next: 2%
Magic:  10/12      EV:  6    Int:  8    God:    Hepliaklqana [*.....]
Gold:   0          SH:  5    Dex: 10    Spells: 5/5 levels left

rFire   . . .      SeeInvis .    a - +0 war axe
rCold   . . .      Faith    .    c - +0 buckler
rNeg    . . .      Spirit   .    f - +2 plate armour
rPois   .          Reflect  .    (no helmet)
rElec   .          Rampage  .    (no cloak)
rCorr   .          NoTele   +    (no gloves)
Will    .....                    (no boots) Stlth
                                 (no amulet)
HPRegen 0.28/turn                (no ring)
MPRegen 0.13/turn                (no ring)

@: on berserk cooldown, slowed, very slow
A: reduced essence
a: Renounce Religion, Recall Ancestor, Ancestor Identity


You were in the Dungeon.
You worshipped Hepliaklqana.
Hepliaklqana was aware of your devotion.
You visited 1 branch

Inventory:

Hand Weapons
 a - a +0 war axe (weapon)
Armour
 b - a +0 scale mail
 c - a +0 buckler (worn)
 f - a +2 plate armour (worn)
Scrolls
 j - a scroll of blinking
Potions
 d - 5 potions of heal wounds
 e - 6 potions of curing
 g - a potion of haste
 h - 4 potions of magic
 i - 2 potions of berserk rage
 k - 2 potions of invisibility


   Skills:
 + Level 6.9 Fighting
 + Level 6.9 Axes
 + Level 6.3 Armour
 + Level 6.3 Shields
 * Level 8.5 Invocations


You had 5 spell levels left.
You didn't know any spells.
Your spell library was empty.

Dungeon Overview and Level Annotations

Branches:
Dungeon (1/1)

Altars:
Ashenzari
Cheibriados
Dithmenos
Elyvilon
Fedhas
Gozag
Hepliaklqana
Kikubaaqudgha
Makhleb
Nemelex Xobeh
Okawaru
Qazlal
Ru
Sif Muna
Trog
Uskayaw
Vehumet
Wu Jian
Xom
Yredelemnul
Zin
The Shining One
Beogh
Jiyva
Lugonu

Annotations:
D Pikel


Message History

A gnoll comes into view. It is wielding a +0 club.
The orc priest mumbles some strange prayers to Beogh against you.
Beogh smites you!
You slash the orc priest!
The orc priest is almost dead.
You hit the orc.
You feel sick. The orc hits you but does no damage.
A lemure comes into view.
You block the orc priest's attack.
You barely miss the orc priest.
The orc priest is almost dead.
You slash the orc!
You kill the orc!
You feel sick.
An orc comes into view. It is wielding a +0 whip.
The orc priest hits you with a +0 vampiric hand axe.
You barely miss the orc priest.
The orc priest threatens, "By the altar or by the axe, you will meet Beogh!"
The orc priest is almost dead.
The orc shouts!
You slash the worm!
You feel sick. You block the orc priest's attack.
You slash the orc priest!
You kill the orc priest!
You slash the worm!
You kill the worm!
You feel sick.
You have reached level 6!
You are no longer berserk.
You are exhausted.
You feel yourself slow down.
Pikel zaps a wand.
The bolt of light hits you!!
Ouch! That really hurt!
* * * LOW HITPOINT WARNING * * *
Items here: )) [ ††.
You barely miss Pikel. You hit the lemure.
You feel sick.
You are no longer poisoned.
The lemure hits you.
* * * LOW HITPOINT WARNING * * *
Pikel zaps a wand.
The bolt of light hits you but does no damage.
The lemure hits you.
You die...

#.#.)'..#))#####'#
#.#.)####))##.....
#.#..#..#))##.....
#.#..#..#..##.....
#.##'#††#'###...<.
#.#........##.....
#.#........##.....
#)###########.....
#@5oog..# ######
#K###g..# #5# .#
#g# #5o #.. #..
####


You could see Pikel, 3 lemures, a gnoll sergeant, 2 gnolls and 3 orcs.

Vanquished Creatures
  A lemure (D)
  2 scorpions (D)
  An orc priest (D)
  2 orc wizards (D)
  An ufetubus (D)
  A worm (D)
  2 orcs (D)
  A ball python (D)
  A bat zombie (D)
  A kobold (D)
  A quokka (D)
  A frilled lizard (D)
  A goblin (D)
  A quokka skeleton (D)
17 creatures vanquished.

Vanquished Creatures (collateral kills)
  A gnoll (D)
  An orc (D)
2 creatures vanquished.

Vanquished Creatures (others)
  An ancestor (D)
1 creature vanquished.

Grand Total: 20 creatures vanquished

Notes
Turn   | Place    | Note
-------+----------+-------------------------------------------
     0 | D        | BigDaddyOpFi the Hill Orc Fighter began the quest for the
                  | Orb.
     0 | D        | Reached XP level 1. HP: 19/19 MP: 1/1
    21 | D        | Found a bloodstained altar of Trog.
    21 | D        | Found a shimmering blue altar of Sif Muna.
    21 | D        | Found a viscous altar of Jiyva.
    21 | D        | Found a hazy altar of Hepliaklqana.
    21 | D        | Found an opulent altar of Gozag.
    22 | D        | Found a glowing golden altar of the Shining One.
    22 | D        | Found a glowing silver altar of Zin.
    22 | D        | Found a basalt altar of Yredelemnul.
    22 | D        | Found a shimmering altar of Xom.
    22 | D        | Found an ornate altar of the Wu Jian Council.
    22 | D        | Found a sacrificial altar of Ru.
    22 | D        | Found a stormy altar of Qazlal.
    22 | D        | Found an iron altar of Okawaru.
    22 | D        | Found a sparkling altar of Nemelex Xobeh.
    22 | D        | Found a burning altar of Makhleb.
    22 | D        | Found a blossoming altar of Fedhas.
    22 | D        | Found a white marble altar of Elyvilon.
    22 | D        | Found a shadowy altar of Dithmenos.
    22 | D        | Found a snail-covered altar of Cheibriados.
    23 | D        | Found a radiant altar of Vehumet.
    23 | D        | Found a corrupted altar of Lugonu.
    23 | D        | Found a roughly hewn altar of Beogh.
    24 | D        | Found an ancient bone altar of Kikubaaqudgha.
    24 | D        | Found a hide-covered altar of Uskayaw.
    24 | D        | Found a broken altar of Ashenzari.
    28 | D        | Became a worshipper of Hepliaklqana the Forgotten
    74 | D        | Noticed a scorpion
    84 | D        | Killed a scorpion
    85 | D        | Reached skill level 5 in Fighting
    85 | D        | Reached skill level 5 in Axes
    85 | D        | Reached skill level 4 in Invocations
    85 | D        | Reached XP level 2. HP: 28/29 MP: 1/5
    85 | D        | Reached XP level 3. HP: 34/36 MP: 1/6
    85 | D        | Reached XP level 4. HP: 40/42 MP: 1/7
   250 | D        | Reached skill level 5 in Invocations
   264 | D        | Noticed a scorpion
   270 | D        | Killed a scorpion
   271 | D        | Reached skill level 5 in Armour
   271 | D        | Reached skill level 5 in Shields
   271 | D        | Reached skill level 6 in Invocations
   271 | D        | Reached XP level 5. HP: 48/50 MP: 7/9
   334 | D        | Reached * piety under Hepliaklqana
   335 | D        | Noticed a lemure
   342 | D        | Noticed a lemure
   343 | D        | Noticed Pikel
   344 | D        | Noticed a lemure
   347 | D        | Reached skill level 7 in Invocations
   349 | D        | Killed a lemure
   354 | D        | Reached skill level 8 in Invocations
   355 | D        | Noticed a lemure
   359 | D        | Reached XP level 6. HP: 48/52 MP: 10/12
   360 | D        | HP: 2/52 [lemure[Pikel] (3)]
   360 | D        | Slain by a lemure

Illustrated notes

Levels and vault maps discovered:
D:        pitsprint [storerooms_1, entrance_room_1, metal_vault_4, armoury_1,
          mini_pit_1, grid_room_1, main_hall_1, silver_pit, the_coven_3,
          the_vestibule_1, steel_vault_5, golden_pit, hallway_of_sentries,
          crystal_vault_6, iron_vault_2, final_vault]

Skill      XL: |  1  2  3  4  5 |
---------------+----------------+-----
Fighting       | 5 6 |  6.9
Axes           | 5 6 |  6.9
Armour         | 4 5 6 |  6.3
Shields        | 4 5 6 |  6.3
Invocations    | 4 6 8 |  8.5

Action                     |  1- 3 |  4- 6 || total
---------------------------+-------+-------++-------
  Melee: War axe           |    17 |    25 ||    42
    Use: Potion            |     1 |     2 ||     3
 Armour: Scale mail        |    17 |     6 ||    23
         Plate armour      |       |     8 ||     8
  Dodge: Dodged            |    15 |     5 ||    20
  Block: Buckler           |     7 |    10 ||    17

Table legend: (Time is in decaauts)
 A = Elapsed time spent in this place.
 B = Non-inter-level travel time spent in this place.
 C = Inter-level travel time spent in this place.
 D = Time resting spent in this place.
 E = Time spent auto-exploring this place.
 F = Levels seen in this place.
 G = Mean time per level.
                   A        B        C        D        E       F      G
               +--------+--------+--------+--------+--------+-----+--------+
         Total |    367 |    349 |     18 |    187 |      0 |   1 |  367.0 |
       Dungeon |    367 |    349 |     18 |    187 |      0 |   1 |  367.0 |
               +--------+--------+--------+--------+--------+-----+--------+

Top non-repeatable levels by time:
       D: 367 daAuts
